 Dungeon Crawl Stone Soup version 0.28.0-47-ge53b351184 (webtiles) character file.

Game seed: 4446050785938329327

37 GigaChad the Covered (level 3, 0/30 HPs)
             Began as a Barachi Fighter on Apr 28, 2022.
             Was a Believer of Jiyva.
             Slain by Robin
             ... wielding a +2 short sword of holy wrath
              (1 damage)
             ... on level 2 of the Dungeon.
             The game lasted 00:03:22 (896 turns).

GigaChad the Covered (Barachi Fighter)               Turns: 896, Time: 00:03:23

Health: 0/30       AC:  7    Str: 17    XL:     3   Next: 39%
Magic:  3/3        EV:  9    Int:  8    God:    Jiyva [**....]
Gold:   10         SH:  5    Dex: 13    Spells: 2/2 levels left

rFire   . . .      SeeInvis .   a - +0 long sword
rCold   . . .      Faith    .   c - +0 buckler
rNeg    . . .      Spirit   .   b - +0 scale mail
rPois   .          Reflect  .   (no helmet)
rElec   .          Harm     .   (no cloak)
rCorr   +          Rampage  .   (no gloves)
Will    .....                   (no boots)
Stlth   ..........              (no amulet)
HPRegen 1.06/turn               (no ring)
MPRegen 0.38/turn               (no ring)

@: slow
A: amphibious, slowness 1, strong legs 1, +LOS
a: Hop, Renounce Religion


You were on level 2 of the Dungeon.
You worshipped Jiyva.
Jiyva was pleased with you.
You visited 1 branch of the dungeon, and saw 2 of its levels.

You collected 10 gold pieces.

Inventory:

Hand Weapons
 a - a +0 long sword (weapon)
Armour
 b - a +0 scale mail (worn)
 c - a +0 buckler (worn)
Potions
 d - a potion of might


   Skills:
 + Level 3.8 Fighting
 + Level 3.2 Long Blades
 + Level 4.1 Armour
 + Level 0.4 Dodging
 + Level 3.7 Shields


You had 2 spell levels left.
You didn't know any spells.
Your spell library was empty.

Dungeon Overview and Level Annotations

Branches:
Dungeon (2/15)

Altars:
Jiyva

Shops:
D:1 [*

Annotations:
D:2 Robin


Innate Abilities, Weirdness & Mutations

You are amphibious.
You cover ground slowly.
You can hop short distances.
You have an extended range of vision and can be seen from far away.


Message History

The goblin is severely wounded.
The goblin no longer looks unusually strong.
The hobgoblin no longer looks unusually strong.
The goblin hits you with a +0 dagger. The goblin hits you but does no damage.
The frilled lizard bites you but does no damage.
The goblin barely misses you. x2; The goblin hits you but does no damage.
Robin says, "My goblins will feast on your bones."
Robin roars a battlecry!
The goblins go into a battle-frenzy!
You block the goblin's attack.
You hit the goblin.
You kill the goblin!
The goblin no longer looks unusually strong. x2
You block the goblin's attack.
The frilled lizard bites you but does no damage.
The goblin hits you with a +0 club. The goblin hits you with a +0 dagger.
* * * LOW HITPOINT WARNING * * *
Robin roars a battlecry!
The goblins go into a battle-frenzy!
The goblin closely misses you.
You slash the goblin!
You kill the goblin!
The goblin hits you with a +0 dagger.
* * * LOW HITPOINT WARNING * * *
The frilled lizard misses you. You block the goblin's attack.
The goblin barely misses you. The goblin hits you with a +0 dagger.
* * * LOW HITPOINT WARNING * * *
An orc comes into view. It is wielding a +0 trident.
The goblin barely misses you.
You barely miss Robin. You block the goblin's attack.
You block the frilled lizard's attack. The goblin barely misses you.
The goblin hits you with a +0 dagger.
* * * LOW HITPOINT WARNING * * *
The hobgoblin barely misses you. The goblin misses you.
The goblin hits you but does no damage.
The frilled lizard completely misses you.
The goblin hits you with a +0 dagger.
* * * LOW HITPOINT WARNING * * *
Robin hits you with a +2 short sword of holy wrath.
You die...

####........#
###..#........#
.............#
#..#........#
#...........#
#.#.........#
#.#.........#
#.o....†glg.#
#....#....g@g.#
#..g....#####gg###
#..#..#.## #.<#
g......#.# #..##
.#.##....# #...# .
...### #.#.# .
.##. #<#.# .. #
#.#.# #.#.#


You could see Robin, an orc, a hobgoblin (strong), 4 goblins and a frilled
lizard.

Vanquished Creatures
  3 bats (D:1)
  A giant cockroach (D:1)
  8 goblins
  2 hobgoblins
  5 jackals (D:1)
  2 quokkas (D:2)
  3 ball pythons
  5 frilled lizards
  A kobold (D:1)
  2 rats (D:1)
32 creatures vanquished.

Vanquished Creatures (others)
  A frilled lizard (D:1)
  A rat (D:1)
  4 plants (D:1)
6 creatures vanquished.

Grand Total: 38 creatures vanquished

Notes
Turn   | Place    | Note
-------+----------+-------------------------------------------
     0 | D:1      | GigaChad the Barachi Fighter began the quest for the Orb.
     0 | D:1      | Reached XP level 1. HP: 18/18 MP: 1/1
    54 | D:1      | Reached XP level 2. HP: 15/25 MP: 2/2
   383 | D:1      | Found a faded altar of an unknown god.
   393 | D:1      | Prayed at the altar of an unknown god.
   393 | D:1      | Became a worshipper of Jiyva Janeewod the Shapeless
   393 | D:1      | Reached * piety under Jiyva
   434 | D:1      | Reached skill level 4 in Armour
   520 | D:1      | Found Niduqa's Antique Armour Shoppe.
   596 | D:1      | Reached XP level 3. HP: 28/30 MP: 3/3
   697 | D:1      | Reached ** piety under Jiyva
   801 | D:1      | Found Lyosua's General Store.
   869 | D:2      | Noticed Robin
   896 | D:2      | HP: 1/30 [goblin/+0 dagger[Robin] (2)]
   896 | D:2      | Slain by Robin

Illustrated notes

Levels and vault maps discovered:
D:1:      nicolae_arrival_somewhat_less_tricky_arrival, layout_basic,
          hellmonk_ecumenical_altar_prayer_group, serial_shops,
          nicolae_shop_temple_entry_statues_fountains,
          nicolae_shop_hallway_stairs, shop, serial_bayou_pond_c,
          hangedman_decor_opposing, minivault_25
D:2:      layout_rooms, uniq_robin

Skill      XL: |  1  2  3 |
---------------+----------+-----
Armour         | 4 |  4.1
Long Blades    | 3 |  3.2
Fighting       | |  3.8
Dodging        | |  0.4
Shields        | |  3.7

Action                   || total
-------------------------++-------
Melee: Long sword        ||    88
Armor: Scale mail        ||   115
Dodge: Dodged            ||   109
Block: Buckler           ||    37
